 Dungeon Crawl Stone Soup version 0.31-a0-940-gdaa99269f9 (webtiles) character file.

Game seed: 5580229709719116385

11 kae the Chopper (level 2, 0/26 HPs)
             Began as a Hill Orc Fighter on Oct 20, 2023.
             Succumbed to a kobold's poison
             ... on level 1 of the Dungeon.
             The game lasted 00:00:14 (345 turns).

kae the Chopper (Hill Orc Fighter)                   Turns: 345, Time: 00:00:14

Health: 0/26       AC:  6    Str: 18    XL:     2   Next: 29%
Magic:  2/2        EV:  9    Int:  8    God:
Gold:   19         SH:  4    Dex: 10    Spells: 1/1 levels left

rFire   . . .        a - +0 war axe
rCold   . . .        c - +0 buckler
rNeg    . . .        b - +0 scale mail
rPois   .            (no helmet)
rElec   .            (no cloak)
rCorr   .            (no gloves)
SInv    .            (no boots)
Will    .....        (no amulet) Stlth
                     (no ring)
HPRegen 0.24/turn    (no ring)
MPRegen 0.08/turn

%: no passive effects
@: lethally poisoned (0 -> -1)
A: no striking features
a: no special abilities


You were on level 1 of the Dungeon.
You visited 1 branch of the dungeon, and saw 1 of its levels.

You collected 19 gold pieces.


   Skills:
 - Level 3.6 Fighting
 + Level 3.9 Axes
 - Level 3.2 Armour
 - Level 3.2 Shields


You had one spell level left.
You didn't know any spells.
Your spell library was empty.

Inventory:

Hand Weapons
 a - a +0 war axe (weapon)
Missiles
 e - 5 stones
Armour
 b - a +0 scale mail (worn)
 c - a +0 buckler (worn)
Magical Staves
 f - a staff of conjuration {!a}
   (You found it on level 1 of the Dungeon)
Potions
 d - a potion of might

Dungeon Overview and Level Annotations

Branches:
Dungeon (1/15) Zot: 5644

Altars:

#. ..# # #.# #.#
#.# #.# #.#
#.###### ##
#@))...# #.
#....###.# #†
#.##.# #.# #. #.
#.# #.# #. . #.#
#.# #. ## ..#
#.##########. ###
#............
####.........
########.########


There were no monsters in sight!


Message History

Key pressed, stopping explore.
No target in view!
No target in view!
A bat comes into view.
The bat hits you but does no damage.
You barely miss the bat. The bat hits you but does no damage. x3
You hit the bat.
You kill the bat!
You have reached level 2! 😎 HP[+7] MP[+1]
You now have 26 max hp (+7).
Your hp is fully restored (26).
Your mp is fully restored (2).
You see here a bat corpse.
A frilled lizard comes into view.
The frilled lizard hisses angrily.
The frilled lizard bites you but does no damage.
A frilled lizard is nearby!
A frilled lizard is nearby!
You slash the frilled lizard!
You kill the frilled lizard!
No target in view!
Key pressed, stopping explore.
No target in view!
No target in view!
A hobgoblin and a kobold come into view.
The hobgoblin shouts!
The kobold shouts!
The kobold throws a stone.
The stone hits you.
A kobold comes into view.
It is wielding a +2 short sword of venom.
The kobold throws a stone.
The stone closely misses you. 😕 HP[-1]
You take 1 damage, and now have 25/26 hp.
There are monsters nearby!
You barely miss the kobold.
The kobold hits you with a +2 short sword of venom.
You are poisoned.
You barely miss the kobold.
You feel very sick. You block the kobold's attack.
The kobold hits you with a +2 short sword of venom.
You are lethally poisoned! 😮 HP[-7]
You take 7 damage, and now have 18/26 hp.
MASSIVE DAMAGE!! (PAUSE)
You slash the kobold!
You kill the kobold!
* * * LOW HITPOINT WARNING * * *
You feel very sick. 😨 HP[-5]
You take 5 damage, and now have 13/26 hp.
Unknown command.
You hit the hobgoblin.
You kill the hobgoblin!
* * * LOW HITPOINT WARNING * * *
You feel very sick.
An endoplasm comes into view.
The kobold throws a stone.
You block the stone. 😨 HP[-5]
You take 5 damage, and now have 8/26 hp.
* * * LOW HITPOINT WARNING * * *
You feel sick.
The endoplasm quivers.
The kobold barely misses you.
Things that are here:
a +2 short sword of venom; a hobgoblin corpse 😨 HP[-1]
You take 1 damage, and now have 7/26 hp.
Okay, then.
You hit the kobold.
You kill the kobold!
* * * LOW HITPOINT WARNING * * *
You feel very sick. 😱 HP[-3]
You take 3 damage, and now have 4/26 hp.
Unknown command.
You slash the endoplasm!
You kill the endoplasm!
* * * LOW HITPOINT WARNING * * *
You feel sick. 😱 HP[-1]
You take 1 damage, and now have 3/26 hp.
* * * LOW HITPOINT WARNING * * *
You feel sick.
Things that are here:
a +0 dagger; 5 stones; a kobold corpse Unknown command.
* * * LOW HITPOINT WARNING * * *
You feel sick. 😱 HP[-1]
You take 1 damage, and now have 2/26 hp.
There is a lethal amount of poison in your body!
Unknown command.
There is a lethal amount of poison in your body!
There is a lethal amount of poison in your body!
Unknown command.
There is a lethal amount of poison in your body!
* * * LOW HITPOINT WARNING * * *
You feel sick. 😱 HP[-1]
You take 1 damage, and now have 1/26 hp.
You die...

Skill      XL: |  1 |
---------------+----+-----
Axes           | 3 |  3.9
Fighting       | |  3.6
Armour         | |  3.2
Shields        | |  3.2

Action                     || total
---------------------------++-------
  Melee: War axe           ||    28
 Armour: Scale mail        ||    22
  Dodge: Dodged            ||     7
  Block: Buckler           ||     9

Levels and vault maps discovered:
D:1:      noname_arrival_rooms_in_the_neighbourhood, layout_loops_ring

Notes
Turn   | Place    | Note
-------+----------+-------------------------------------------
     0 | D:1      | kae the Hill Orc Fighter began the quest for the Orb.
     0 | D:1      | Reached XP level 1. HP: 19/19 MP: 1/1
     0 | D:1      | magus.rc [v1.11.3]
    51 | D:1      | Reached skill level 3 in Axes
   289 | D:1      | Reached XP level 2. HP: 26/26 MP: 2/2
   340 | D:1      | HP: 4/26 [poisoned by a kobold]
   344 | D:1      | HP: 1/26 [poisoned by a kobold]
   345 | D:1      | Succumbed to a kobold's poison

Vanquished Creatures
  2 bats (D:1)
  An endoplasm (D:1)
  2 hobgoblins (D:1)
  3 kobolds (D:1)
  2 ball pythons (D:1)
  A frilled lizard (D:1)
11 creatures vanquished.

Table legend:
 A = Non-vault XP
 B = Vault XP
 C = Vault XP percentage of total XP
 D = Non-vault monster count
 E = Vault monster count
 F = Vault count percentage of total count
                 A         B        C        D         E       F
            +---------+---------+-------+---------+---------+-------
      Total |      17 |       0 |   0.0 |      11 |       0 |   0.0
            +---------+---------+-------+---------+---------+-------
        D:1 |      17 |       0 |   0.0 |      11 |       0 |   0.0
            +---------+---------+-------+---------+---------+-------

Skill      XL: |  1 |
---------------+----+-----
Axes           | 3 |  3.9
Fighting       | |  3.6
Armour         | |  3.2
Shields        | |  3.2

Action                     || total
---------------------------++-------
  Melee: War axe           ||    28
 Armour: Scale mail        ||    22
  Dodge: Dodged            ||     7
  Block: Buckler           ||     9

Illustrated notes

Table legend:
 A = Kills in this place as a percentage of kills in the entire game.
 B = Kills by you in this place as a percentage of kills by you in the entire game.
 C = Kills by friends in this place as a percentage of kills by friends in the entire game.
 D = Other kills in this place as a percentage of other kills in the entire game.
 E = Experience gained in this place as a percentage of experience gained in the entire game.
 F = Experience gained in this place divided by the number of levels of this place that you have seen.
                   A       B       C       D       E      F
               +-------+-------+-------+-------+-------+----------------------
         Total | 100.0 | 100.0 |   N/A |   N/A | 100.0 |  17.0
       Dungeon | 100.0 | 100.0 |   N/A |   N/A | 100.0 |  17.0
               +-------+-------+-------+-------+-------+----------------------

Table legend: (Time is in decaauts)
 A = Elapsed time spent in this place.
 B = Non-inter-level travel time spent in this place.
 C = Inter-level travel time spent in this place.
 D = Time resting spent in this place.
 E = Time spent auto-exploring this place.
 F = Levels seen in this place.
 G = Mean time per level.
                   A        B        C        D        E       F      G
               +--------+--------+--------+--------+--------+-----+--------+
         Total |    355 |    355 |      0 |      0 |    286 |   1 |  355.0 |
       Dungeon |    355 |    355 |      0 |      0 |    286 |   1 |  355.0 |
               +--------+--------+--------+--------+--------+-----+--------+

Top non-repeatable levels by time:
     D:1: 355 daAuts
